 Dungeon Crawl Stone Soup version 0.29.1 (webtiles) character file.

Game seed: 6651483733943377893

1 vvl the Conjurer (level 1, -1/10 HPs)
             Began as a Kobold Conjurer on Sept 12, 2022.
             Slain by a jackal (2 damage)
             ... on level 1 of the Dungeon.
             The game lasted 00:01:06 (78 turns).

vvl the Conjurer (Kobold Conjurer)                    Turns: 78, Time: 00:01:06

Health: -1/10      AC:  2    Str:  4    XL:     1   Next: 22%
Magic:  0/3        EV: 14    Int: 19    God:
Gold:   20         SH:  0    Dex: 13    Spells: 3/4 levels left

rFire   . . .      SeeInvis .   (weapon restricted)
rCold   . . .      Faith    .   (no shield)
rNeg    . . .      Spirit   .   a - +0 robe
rPois   .          Reflect  .   (no helmet)
rElec   .          Harm     .   (no cloak)
rCorr   .          Rampage  .   (no gloves)
Will    .....                   (no boots)
Stlth   +++.......              (no amulet)
HPRegen 0.03/turn               (no ring)
MPRegen 0.08/turn               (no ring)

@: no status effects
A: small, no large weapons, nightstalker 3
a: no special abilities


You were on level 1 of the Dungeon.
You visited 1 branch of the dungeon, and saw 1 of its levels.

You collected 20 gold pieces.

Inventory:

Armour
 a - a +0 robe (worn)
Scrolls
 d - a scroll of identify {unknown}
Potions
 b - a potion of magic
 c - a potion of invisibility {unknown}


   Skills:
 + Level 0.0 Fighting
 + Level 0.0 Short Blades
 + Level 0.0 Ranged Weapons
 + Level 0.0 Armour
 + Level 2.4 Dodging
 + Level 2.7 Stealth
 + Level 2.2 Spellcasting
 + Level 4.0 Conjurations


You had 3 spell levels left.
You knew the following spells:

 Your Spells              Type           Power      Damage    Failure   Level
a - Magic Dart            Conj           68%        1d6       3%          1

Your spell library contained the following spells:

 Spells                   Type           Power      Damage    Failure   Level
 Searing Ray              Conj           34%        2d5       4%          2
 Dazzling Flash           Conj/Hex       18%        N/A       22%         3
 Fulminant Prism          Conj/Hex       4%         3d6       58%         4
 Iskenderun's Mystic Bla  Conj/Tloc      9%         2d4       58%         4


Dungeon Overview and Level Annotations

Branches:
Dungeon (1/15)

Altars:


Innate Abilities, Weirdness & Mutations

You are small and have problems with some larger weapons.
You are completely attuned to the shadows.


Message History

The jackal is moderately wounded.
The jackal barely misses you.
A jackal comes into view.
A quokka comes into view.
A jackal comes into view.
The jackal bites you but does no damage.
The jackal misses you.
The magic dart hits the jackal.
You kill the jackal!
The jackal barks!
The jackal bites you but does no damage.
The jackal closely misses you. The jackal attacks as you move away!
The jackal bites you. The jackal barely misses you.
The jackal attacks as you move away! The jackal misses you.
The jackal misses you.
The jackal bites you but does no damage.
The jackal attacks as you move away! The jackal bites you.
The jackal misses you. The jackal misses you.
The jackal attacks as you move away! The jackal closely misses you.
Found a ring mail.
The jackal bites you. The jackal attacks as you move away!
The jackal bites you but does no damage.
Found a scale mail.
The jackal closely misses you. The jackal bites you.
The jackal attacks as you move away! The jackal barely misses you.
The magic dart hits the jackal.
The jackal is moderately wounded.
The magic dart hits the jackal.
The jackal is moderately wounded.
The jackal bites you. The jackal attacks as you move away!
The jackal bites you but does no damage.
The jackal attacks as you move away! The jackal closely misses you.
The jackal bites you.
The quokka twitches its whiskers.
The jackal bites you.
* * * LOW HITPOINT WARNING * * *
The jackal attacks as you move away! The jackal closely misses you.
The jackal bites you.
You die...

..........≈#≈.##
#####......§..≈#
#........≈≈##
#.....#..≈§≈#
##.........≈≈#
.###...........≈# #
........##.≈....# +.
#..........#.#..# #.
##.@hrh..≈#....####§
#..h....#.......#..
#.........##.#..'..
...#..###.≈≈.....'..
#.........#......#..
##.####...#..#.####.
.. ##.#..#..# #§
#.......# +.
[.......≈#


You could see a quokka and 3 jackals.

Vanquished Creatures
  A jackal (D:1)
1 creature vanquished.

Notes
Turn   | Place    | Note
-------+----------+-------------------------------------------
     0 | D:1      | vvl the Kobold Conjurer began the quest for the Orb.
     0 | D:1      | Reached XP level 1. HP: 10/10 MP: 3/3
    78 | D:1      | Slain by a jackal

Illustrated notes

Levels and vault maps discovered:
D:1:      denvon_arrival_hothouse, layout_rooms,
          shapermc_ecumenical_altar_mp_highgroup, minmay_pentomino_u4

Action                   || total
-------------------------++-------
 Cast: Magic Dart        ||     5
Armor: Robe              ||     5
Dodge: Dodged            ||    13
